Unix NetHack Version 5.0.0-0 post-release - last build Jun 10 2026 00:39:30 (3ee93aec679c4c4259841fe613dc97188e26a321,branch:main).

Game began 2026-06-24 01:03:54, ended 2026-06-24 01:18:25.

IanCurtis, chaotic male elven Wizard

                                                               ---
                                                               |.--
                                                               |..-----
                                                               |...<%.|
                                                         --  #.-...--.|
                                                         |. -......----
                                                       ---..|%../....|
                                                       |....hh....Z..|
                                                       |....|.......--
                                                       |... --.|...--
                                                       -.    ----.--
                                                       .        -..
                                                      --         ...
                                                                -----
IanCurtis the Thaumaturge  St:11 Dx:13 Co:12 In:20 Wi:11 Ch:10  Chaotic
Dlvl:8  $:446 HP:0(46) Pw:7(72) AC:7  Xp:6 T:2163  Burdened

Latest messages:
 You hear some noises in the distance.
 You don't have enough energy to cast that spell.
 You see here a jeweled wand.
 Are you waiting to get hit?  Use 'm' prefix to force a no-op (to rest).
 You miss the human zombie.
 The human zombie hits!
 The gnome lord wields a bow!
 The human zombie hits!
 You hit the gnome lord.
 The gnome lord swings his bow.
 The gnome lord hits!
 The gnome lord swings his bow.
 The gnome lord hits!
 Are you sure you want to pray? [yes|no] yes
 You begin praying to Anhur.
 You are surrounded by a shimmering light.
 The gnome lord starts to attack you, but pulls back.
 You finish your prayer.
 You feel that Anhur is well-pleased.
 You are surrounded by a golden glow.
 The gnome lord swings his bow.
 The gnome lord hits!
 You hit the gnome lord.
 The gnome lord swings his bow.
 The gnome lord hits!
 You hit the gnome lord!
 The gnome lord swings his bow.
 The gnome lord hits!
 You hit the gnome lord!
 The gnome lord swings his bow.
 The gnome lord hits!
 The gnome lord swings his bow.
 The gnome lord just misses!
 You hit the gnome lord!
 The dwarf throws a dagger!
 A dagger misses you.
 The gnome lord swings his bow.
 The gnome lord hits!
 You kill the gnome lord!
 The dwarf picks up a bow.
 You don't have enough energy to cast that spell.
 You hit the dwarf!
 The dwarf picks up a dagger.
 You miss the dwarf.
 The dwarf swings her pick-axe.
 The dwarf hits!
 The dwarf thrusts his broad short sword.
 The dwarf hits!
 You die...
 Do you want your possessions identified? [ynq] (y) q

Inventory:
 Coins    ('$')
  $ - 446 gold pieces
 Amulets  ('"')
  w - an uncursed amulet of guarding
 Weapons  (')')
  G - 7 poisoned +0 orcish arrows
  H - 4 cursed poisoned rusty -2 orcish arrows
  a - a blessed +1 quarterstaff (weapon in hands)
 Armor    ('[')
  x - an uncursed +1 cornuthaum
  q - an uncursed +1 orcish helm (being worn)
  s - an uncursed +0 cloak of magic resistance (being worn)
 Comestibles  ('%')
  v - an uncursed slime mold
  u - 5 uncursed food rations
  p - an uncursed lichen corpse
 Scrolls  ('?')
  C - an uncursed scroll of create monster
  t - an uncursed scroll of enchant armor
  A - an uncursed scroll of enchant weapon
 Potions  ('!')
  I - an uncursed potion of healing
  B - a potion of holy water
  D - an uncursed potion of water
 Rings    ('=')
  e - an uncursed ring of invisibility (on left hand)
  y - an uncursed ring of slow digestion (on right hand)
 Wands    ('/')
  F - a wand of magic missile (0:3)
  c - a wand of probing (0:7)
 Tools    ('(')
  b - an uncursed sack containing 8 items
  o - an uncursed wooden harp
  k - an uncursed lock pick
  n - a magic marker (0:22)
  d - a +0 pick-axe
  E - an uncursed partly used wax candle

Contents of the sack:
  2 uncursed scrolls of create monster
  an uncursed scroll of light
  an uncursed scroll of stinking cloud
  a blessed spellbook of force bolt
  an uncursed spellbook of sleep
  an uncursed potion of extra healing
  an uncursed potion of sickness
  an uncursed potion of water

IanCurtis the Wizard's attributes:

Background:
 You were a Thaumaturge, a level 6 male elven Wizard.
 You were chaotic, on a mission for Anhur
 who was opposed by Ptah (lawful) and Thoth (neutral).
 You were right-handed.
 You were in the Gnomish Mines, on level 8.
 You entered the dungeon 2163 turns ago.
 It was nighttime.
 You had 446 experience points, 194 more were needed to attain level 7.

Basics:
 You had 0 out of 46 hit points.
 You had 7 out of 72 energy points (spell power).
 Your armor class was 7.
 Your wallet contained 446 zorkmids.
 Autopickup was off.

Final Characteristics:
 Your strength was 11 (limit:18).
 Your dexterity was 13 (limit:18).
 Your constitution was 12 (limit:16).
 Your intelligence was 20 (limit:20).
 Your wisdom was 11 (limit:20).
 Your charisma was 10 (limit:18).

Final Status:
 You weren't hungry.
 You were burdened; movement was slightly slowed.
 You were wielding a quarterstaff.
 You had basic skill with quarterstaff.

Final Attributes:
 You were devoutly aligned.
 You were magic-protected.
 You were sleep resistant.
 You had infravision.
 You were invisible.
 You had slower digestion.
 You were warded.
 You are dead.

Miscellaneous:
 You didn't encounter any bones levels.
 Total elapsed playing time was 14 minutes and 31 seconds.

Major events:
 Turn
    1: IanCurtis the chaotic male elven Wizard entered the dungeon
 1035: attained the rank of Conjurer (level 3)
 1379: entered the Gnomish Mines
 1984: attained the rank of Thaumaturge (level 6)
 2058: reached Mine Town
 2163: killed by a dwarf

Spells:
 Name                 Level Category     Fail Retention
 force bolt             1   attack         0%   81%-90%
 sleep                  3   enchantment    0%   81%-90%

Skills:
 Fighting Skills
   bare handed combat [Unskilled]
   riding             [Unskilled]
 Weapon Skills
   dagger             [Unskilled]
   knife              [Unskilled]
   axe                [Unskilled]
   short sword        [Unskilled]
   club               [Unskilled]
   mace               [Unskilled]
   quarterstaff       [Basic]
   polearms           [Unskilled]
   spear              [Unskilled]
   trident            [Unskilled]
   sling              [Unskilled]
   dart               [Unskilled]
   shuriken           [Unskilled]
 Spellcasting Skills
   attack spells      [Basic]
   healing spells     [Unskilled]
   divination spells  [Unskilled]
   enchantment spells [Basic]
   clerical spells    [Unskilled]
   escape spells      [Unskilled]
   matter spells      [Unskilled]

Voluntary challenges:
 Character rerolling was not enabled.
 You were illiterate.
 You never genocided any monsters.
 You never polymorphed an object.
 You never changed form.
 You used no wishes.
Achievements:
 You attained the rank of Conjurer.
 You entered the Gnomish Mines.
 You attained the rank of Thaumaturge.
 You entered Minetown.

 The Dungeons of Doom: levels 1 to 5
    Level 1:
    Level 2:
    Level 3: "vault"
    Level 4:
       Stairs down to The Gnomish Mines.
    Level 5:
 The Gnomish Mines: levels 5 to 8
    Level 5:
    Level 6:
    Level 7:
    Level 8: <- You were here.
       Final resting place for
          you, killed by a dwarf.


Vanquished creatures:
 an ape
  a human zombie
  4 Uruk-hai
  5 gnome leaders
  a gnomish wizard
  a kitten
  4 dwarves
  2 hill orcs
 an acid blob
  a gas spore
  a hobbit
  a yellow mold
 23 gnomes
  2 gnome zombies
  a gecko
  a jackal
  2 foxes
  a goblin
  7 grid bugs
  4 lichens
  a kobold zombie
  4 newts
69 creatures vanquished.

No species were genocided or became extinct.

Game over:
                       ----------
                      /          \
                     /    REST    \
                    /      IN      \
                   /     PEACE      \
                  /                  \
                  |    IanCurtis     |
                  |      446 Au      |
                  |   killed by a    |
                  |      dwarf       |
                  |                  |
                  |                  |
                  |       2026       |
                 *|     *  *  *      | *
        _________)/\\_//(\/(/\)/\//\/|_)_______

Goodbye IanCurtis the Wizard...

You died in The Gnomish Mines on dungeon level 8 with 2536 points,
and 446 pieces of gold, after 2163 moves.
You were level 6 with a maximum of 46 hit points when you died.

